cohdb
Replays
Latest Replays
All Replays
Popular Replays
Top Player Replays
Match Explorer
How It Works
Community
CoH3 Stats
Reddit
Sign in to upload your games and track your stats! →
Sign in with Steam
Match 38802852
Unlisted
Match 38802852
Overview
Messages
Build Orders
End
Panzerpioneer Squad
Panzerpioneer Squad
Selects Italian Infantry
Panzerpioneer Squad
Construct Light Support Kompanie
2.5-tonne Medical Truck
MG34 Team
Selects Guastatori Squad
Selects L6/40 Light Tank Combat Group
Guastatori Squad
L6/40 Light Tank Combat Group
Panzerjäger Squad
Selects Defensive Operations
Selects Defensive Operations
Fire Support Elements
AboWifMaccas
XuZhongwei
0
0
Comments
sign in to comment!
No comments posted yet!